 Dungeon Crawl Stone Soup version 0.24.0-123-gd5b16e6ec5 (webtiles) character file.

Game seed: 16052025083030351375, levelgen mode: deterministic

119 Lemonice the Fighter (level 5, -1/45 HPs)
             Began as a Gnoll Wanderer on Feb 9, 2020.
             Was an Initiate of Hepliaklqana.
             Killed from afar by an orc wizard (11 damage)
             ... with a puff of frost
             ... on level 3 of the Dungeon.
             The game lasted 00:04:50 (2646 turns).

Lemonice the Fighter (Gnoll Wanderer)               Turns: 2646, Time: 00:04:52

Health: -1/45      AC:  2    Str: 12    XL:     5   Next: 3%
Magic:  6/6        EV: 12    Int: 15    God:    Hepliaklqana [......]
Gold:   104        SH:  0    Dex: 17    Spells: 6/6 levels left

rFire    . . .     SeeInvis .   a - +2 dagger
rCold    . . .     Gourm    .   (no shield)
rNeg     . . .     Faith    .   e - +0 robe
rPois    .         Spirit   .   (no helmet)
rElec    .         Reflect  .   (no cloak)
rCorr    .         Harm     .   (no gloves)
MR       .....                  (no boots)
Stlth    ++........             (no amulet)
HPRegen  0.15/turn              (no ring)
MPRegen  0.10/turn              (no ring)

@: no status effects
A: distributed training, reduced essence, fangs 1, strong nose
a: Recall Ancestor, Ancestor Identity, Renounce Religion


You were on level 3 of the Dungeon.
You worshipped Hepliaklqana.
Hepliaklqana was noncommittal.
You were not hungry.

You visited 1 branch of the dungeon, and saw 3 of its levels.

You collected 104 gold pieces.

Inventory:

Hand Weapons
 a - a +2 dagger (weapon)
 d - a +0 quarterstaff
Missiles
 b - 3 curare-tipped darts (quivered)
 q - 4 atropa-tipped darts
Armour
 e - a +0 robe (worn)
Jewellery
 j - an uncursed ring of wizardry {unknown}
 n - an uncursed ring of positive energy {unknown}
 p - a +6 ring of dexterity {unknown}
Scrolls
 c - 3 scrolls of teleportation
 h - 2 scrolls of remove curse {unknown}
 i - 2 scrolls of magic mapping {unknown}
 k - 3 scrolls of amnesia {unknown}
 o - 2 scrolls of identify {unknown}
Potions
 g - a potion of flight {unknown}
 m - 2 potions of magic {unknown}
Comestibles
 f - 4 rations


   Skills:
 + Level 8.6 Fighting
 + Level 2.8 Short Blades
 + Level 1.3 Long Blades
 + Level 1.3 Axes
 + Level 1.3 Maces & Flails
 + Level 1.3 Polearms
 + Level 6.6 Staves
 + Level 1.3 Slings
 + Level 1.3 Bows
 + Level 1.3 Crossbows
 + Level 2.8 Throwing
 + Level 1.3 Armour
 + Level 1.3 Dodging
 + Level 1.3 Stealth
 + Level 2.8 Shields
 + Level 1.3 Unarmed Combat
 + Level 1.3 Spellcasting
 + Level 1.0 Conjurations
 + Level 1.0 Hexes
 + Level 1.0 Charms
 + Level 1.0 Summonings
 + Level 1.0 Necromancy
 + Level 1.0 Translocations
 + Level 1.0 Transmutations
 + Level 1.0 Fire Magic
 + Level 1.0 Ice Magic
 + Level 1.0 Air Magic
 + Level 1.0 Earth Magic
 + Level 1.0 Poison Magic
 + Level 1.4 Invocations
 + Level 1.3 Evocations


You had 6 spell levels left.
You didn't know any spells.
Your spell library was empty.

Dungeon Overview and Level Annotations

Branches:
Dungeon (3/15)

Altars:
Elyvilon
Hepliaklqana
Sif Muna
Uskayaw


Innate Abilities, Weirdness & Mutations

Your experience applies equally to all skills.
You have very sharp teeth.
Your uncanny sense of smell can sniff out nearby items.
Your life essence is reduced to manifest your ancestor. (-10% HP)


Message History

The orc wizard hits you with a +0 dagger.
You barely miss the orc wizard.
The orc wizard is severely wounded.
The orc wizard hits you with a +0 dagger.
The orc wizard gestures at you while chanting.
The puff of flame hits you!
You barely miss the orc wizard.
You bite the orc wizard, but do no damage.
The orc wizard is severely wounded.
The orc wizard gestures at you while chanting.
The magic dart hits you!
* * * LOW HITPOINT WARNING * * *
You barely miss the orc wizard.
The orc wizard is severely wounded.
The orc wizard casts a spell at you. The puff of frost misses you.
The puff of frost hits Huemac.
Huemac resists.
The orc wizard points at you and mumbles some strange words.
The puff of frost hits you!
You die...

.÷.......# #.# #.##.# ##.##.
########.# .# #.###.##.# #.##.
#.# .# #...)....# #.### #.# .#
#.###.#### ##+##
##.####.###.###.# ##...##
###...............# ##.....#
##.#..###.####.#.### ##.......
####.....###.####....####........
+.............oo@R......'........
##.....####.####....####........
#.#.#.## #.# #<#.## ##.......
#.#....###.# #.### ##.....#
∆#.#......# #.# ##...##
#.##.##### #.# ##÷## . #.# ##.#
#.# ## #R# #..# #.# #{# #.##
##.##


You could see the friendly Huemac the ancestor, an orc wizard and an orc.

Vanquished Creatures
  An orc priest (D:3)
  An orc wizard (D:3)
  2 adders
  3 dart slugs (D:1)
  A leopard gecko (D:2)
  An orc (D:3)
  2 giant cockroaches
  3 goblins
  5 hobgoblins
  3 jackals (D:3)
  6 kobolds
  9 bats
  4 frilled lizards
  9 rats
50 creatures vanquished.

Notes
Turn   | Place    | Note
-------+----------+-------------------------------------------
     0 | D:1      | Lemonice the Gnoll Wanderer began the quest for the Orb.
     0 | D:1      | Lemonice set off with the following items: a +2 dagger, 3
                  | curare-tipped darts, a scroll of teleportation, a +0
                  | quarterstaff, a +0 robe, a ration
     0 | D:1      | Reached XP level 1. HP: 26/26 MP: 1/1
   105 | D:1      | Reached XP level 2. HP: 32/33 MP: 2/2
   650 | D:1      | Reached XP level 3. HP: 38/38 MP: 3/3
  1149 | D:2      | Found a white marble altar of Elyvilon.
  1212 | D:2      | Reached skill level 1 in Invocations
  1867 | D:3      | Reached skill level 1 in Long Blades
  1867 | D:3      | Reached skill level 1 in Axes
  1867 | D:3      | Reached skill level 1 in Maces & Flails
  1867 | D:3      | Reached skill level 1 in Polearms
  1867 | D:3      | Reached skill level 1 in Slings
  1867 | D:3      | Reached skill level 1 in Bows
  1867 | D:3      | Reached skill level 1 in Crossbows
  1867 | D:3      | Reached skill level 1 in Armour
  1867 | D:3      | Reached skill level 1 in Dodging
  1867 | D:3      | Reached skill level 1 in Stealth
  1867 | D:3      | Reached skill level 1 in Unarmed Combat
  1867 | D:3      | Reached skill level 1 in Spellcasting
  1867 | D:3      | Reached skill level 1 in Evocations
  1921 | D:3      | Reached XP level 4. HP: 23/45 MP: 5/5
  2047 | D:3      | Found a hide-covered altar of Uskayaw.
  2048 | D:3      | Found a hazy altar of Hepliaklqana.
  2065 | D:3      | Became a worshipper of Hepliaklqana the Forgotten
  2099 | D:3      | Found a shimmering blue altar of Sif Muna.
  2367 | D:3      | Reached skill level 1 in Conjurations
  2367 | D:3      | Reached skill level 1 in Hexes
  2367 | D:3      | Reached skill level 1 in Charms
  2367 | D:3      | Reached skill level 1 in Summonings
  2367 | D:3      | Reached skill level 1 in Necromancy
  2367 | D:3      | Reached skill level 1 in Translocations
  2367 | D:3      | Reached skill level 1 in Transmutations
  2367 | D:3      | Reached skill level 1 in Fire Magic
  2367 | D:3      | Reached skill level 1 in Ice Magic
  2367 | D:3      | Reached skill level 1 in Air Magic
  2367 | D:3      | Reached skill level 1 in Earth Magic
  2367 | D:3      | Reached skill level 1 in Poison Magic
  2367 | D:3      | Reached XP level 5. HP: 17/45 MP: 6/6
  2646 | D:3      | Killed from afar by an orc wizard

Levels and vault maps discovered:
D:1:      psy_arrival_whirlpool, layout_basic, hangedman_feature_mirror
D:2:      layout_loops_ring, elyvilon_altar_4, first_ration,
          hangedman_abyss_or_decor_stabs
D:3:      layout_loops_corners, nicolae_overflow_crystal_walls,
          chequers_temple_overflow_statue_of_worship

Skill      XL: |  1  2  3  4 |
---------------+-------------+-----
Invocations    | 1 |  1.4
Long Blades    | 1 |  1.3
Axes           | 1 |  1.3
Maces & Flails | 1 |  1.3
Polearms       | 1 |  1.3
Slings         | 1 |  1.3
Bows           | 1 |  1.3
Crossbows      | 1 |  1.3
Armour         | 1 |  1.3
Dodging        | 1 |  1.3
Stealth        | 1 |  1.3
Unarmed Combat | 1 |  1.3
Spellcasting   | 1 |  1.3
Evocations     | 1 |  1.3
Conjurations   | 1 |  1.0
Hexes          | 1 |  1.0
Charms         | 1 |  1.0
Summonings     | 1 |  1.0
Necromancy     | 1 |  1.0
Translocations | 1 |  1.0
Transmutations | 1 |  1.0
Fire Magic     | 1 |  1.0
Ice Magic      | 1 |  1.0
Air Magic      | 1 |  1.0
Earth Magic    | 1 |  1.0
Poison Magic   | 1 |  1.0
Fighting       | |  8.6
Short Blades   | |  2.8
Staves         | |  6.6
Throwing       | |  2.8
Shields        | |  2.8

Action                   |  1- 3 |  4- 6 || total
-------------------------+-------+-------++-------
Melee: Dagger            |   117 |    56 ||   173
       Bite              |    10 |    11 ||    21
       Punch             |     1 |     1 ||     2
 Stab: Sleeping          |     6 |     1 ||     7
  Eat: Chunk             |     3 |     2 ||     5
Armor: Robe              |    16 |     9 ||    25
Dodge: Dodged            |    53 |    24 ||    77
